 Dungeon Crawl Stone Soup version 0.27.1-3-gb3d3a73c9e (webtiles) character file.

Game seed: 10055570165083706773

14 hypoxyphilia the Grave Robber (level 2, 19/19 HPs)
             Began as a Demonspawn Necromancer on Oct 29, 2021.
             Got out of the dungeon alive.
             The game lasted 00:08:25 (748 turns).

hypoxyphilia the Grave Robber (DsNe)                 Turns: 748, Time: 00:08:26

Health: 19/19      AC:  2    Str:  8    XL:     2   Next: 31%
Magic:  5/5        EV: 12    Int: 16    God:
Gold:   0          SH:  0    Dex: 15    Spells: 3/5 levels left

rFire    . . .     SeeInvis .   (no weapon)
rCold    . . .     Faith    .   (no shield)
rNeg     . . .     Spirit   .   a - +0 robe
rPois    .         Reflect  .   (no helmet)
rElec    .         Harm     .   (no cloak)
rCorr    .         Rampage  .   (no gloves)
Will     .....                  (no boots)
Stlth    +++.......             (no amulet)
HPRegen  0.06/turn              (no ring)
MPRegen  0.09/turn              (no ring)

@: no status effects
A: thin skeletal structure 1
a: no special abilities


You escaped.
You visited 1 branch of the dungeon, and saw 1 of its levels.

Inventory:

Missiles
 c - 2 boomerangs
 d - 20 poisoned darts
Armour
 a - a +0 robe (worn)
Scrolls
 e - a scroll of teleportation {unknown}
Potions
 b - 2 potions of invisibility {unknown}


   Skills:
 - Level 1.7 Dodging
 + Level 2.1 Stealth
 - Level 2.1 Spellcasting
 * Level 4.8 Necromancy


You had 3 spell levels left.
You knew the following spells:

 Your Spells              Type           Power      Damage    Failure   Level
a - Pain                  Necr           68%        1d7       2%          1
b - Animate Skeleton      Necr           34%        N/A       2%          1

Your spell library contained the following spells:

 Spells                   Type           Power      Damage    Failure   Level
 Vampiric Draining        Necr           8%         2d7       9%          3
 Animate Dead             Necr           8%         N/A       28%         4
 Agony                    Necr           17%        N/A       61%         5


Dungeon Overview and Level Annotations

Branches:
Dungeon (1/15)

Altars:


Innate Abilities, Weirdness & Mutations

You have a somewhat thin skeletal structure. (Dex +2, Stealth+)


Message History

Magic restored.
Casting: Pain (safe; 3% risk of failure)
Confirm with . or Enter, or press ? or * to list all spells.
Aiming: Pain (safe; 3% risk of failure)
Press: ? - help, Shift-Dir - straight line, f - dart slug
Aim: a dart slug (asleep, chance to affect: 87%)
The dart slug writhes in agony.
The dart slug launches a dart at you. The slug dart hits you.
Casting: Pain (safe; 3% risk of failure)
Confirm with . or Enter, or press ? or * to list all spells.
Aiming: Pain (safe; 3% risk of failure)
Press: ? - help, Shift-Dir - straight line, f/p - dart slug
Aim: a dart slug (heavily wounded, chance to affect: 87%)
The dart slug writhes in agony.
Casting: Pain (safe; 3% risk of failure)
Confirm with . or Enter, or press ? or * to list all spells.
Aiming: Pain (safe; 3% risk of failure)
Press: ? - help, Shift-Dir - straight line, f/p - dart slug
Aim: a dart slug (almost dead, chance to affect: 87%)
The dart slug barely resists.
Casting: Pain (safe; 3% risk of failure)
Confirm with . or Enter, or press ? or * to list all spells.
Aiming: Pain (safe; 3% risk of failure)
Press: ? - help, Shift-Dir - straight line, f/p - dart slug
Aim: a dart slug (almost dead, chance to affect: 87%)
The dart slug writhes in agony.
You kill the dart slug!
You start resting.
Magic restored.
You start resting.
HP restored.
Welcome back, hypoxyphilia the Demonspawn Necromancer.
Press ? for a list of commands and other information.
You see here a dart slug corpse.
There is a dry fountain here.
You see here 16 stones.
There is a staircase leading out of the dungeon here.
Are you sure you want to leave the Dungeon?
This will make you lose the game!
You have escaped!

..# #......#.# .# ... #......#.#
###########.. ..####......#.#
####.........###
..............####...............
..###.##########.......⌠...⌠.....
..#.#.# ##...⌠.........⌠..
....#.# #.........≈.......
.#....# #...⌠...........⌠.
.#....# #@....(≈.....≈....
.#....# #...⌠...........⌠.
.#....# #.........≈.......
.#..#.# ##...⌠......(..⌠..
.####.##### +......⌠...⌠.....
..........##### ##...............
#####.#........ ####.........###
#.'.....# ###########.# ###.....#
....###.#


There were no monsters in sight!

Vanquished Creatures
  A dart slug (D:1)
  3 ball pythons (D:1)
  2 giant cockroaches (D:1)
  A goblin (D:1)
  A hobgoblin (D:1)
  A quokka (D:1)
  2 rats (D:1)
11 creatures vanquished.

Vanquished Creatures (collateral kills)
  A ball python (D:1)
1 creature vanquished.

Grand Total: 12 creatures vanquished

Notes
Turn   | Place    | Note
-------+----------+-------------------------------------------
     0 | D:1      | hypoxyphilia the Demonspawn Necromancer began the quest for
                  | the Orb.
     0 | D:1      | Reached XP level 1. HP: 13/13 MP: 3/3
   302 | D:1      | Learned a level 1 spell: Animate Skeleton
   418 | D:1      | Gained mutation: You have a somewhat thin skeletal
                  | structure. (Dex +2, Stealth+) [demonic ancestry]
   418 | D:1      | Reached XP level 2. HP: 15/19 MP: 0/5
   748 | D:$      | Got out of the dungeon alive.

Illustrated notes

Levels and vault maps discovered:
D:1:      dpeg_arrival_stone_temple_mockup, layout_basic,
          shapermc_ecumenical_altar_rom_forum

Skill      XL: |  1 |
---------------+----+-----
Stealth        | 2 |  2.1
Dodging        | |  1.7
Spellcasting   | |  2.1
Necromancy     | |  4.8

Action                   || total
-------------------------++-------
Throw: Dart              ||     2
       Boomerang         ||     1
 Cast: Pain              ||    20
       Animate Skeleton  ||     2
